 Dungeon Crawl Stone Soup version 0.31-a0-267-g3fc6992b3b (webtiles) character file.

Game seed: 17859534416646360770

19 qw the Shooter (level 2, -2/16 HPs)
             Began as a Gargoyle Hexslinger on July 13, 2023.
             Slain by a gnoll
             ... wielding a +0 flail
              (8 damage)
             ... on level 2 of the Dungeon.
             The game lasted 00:00:15 (798 turns).

qw the Shooter (Gargoyle Hexslinger)                 Turns: 798, Time: 00:00:15

Health: -2/16      AC:  7    Str: 11    XL:     2   Next: 75%
Magic:  3/3        EV: 10    Int: 13    God:
Gold:   78         SH:  0    Dex: 12    Spells: 2/3 levels left

rFire   . . .        Y - +1 sling
rCold   . . .        (no shield)
rNeg    + . .        k - +0 ring mail
rPois   inf          (no helmet)
rElec   +            (no cloak)
rCorr   .            (no gloves)
SInv    .            (no boots)
Will    .....        (no amulet)
Stlth   +            (no ring)
HPRegen 0.22/turn    (no ring)
MPRegen 0.08/turn

%: no passive effects
@: no status effects
A: sickness immunity, AC +2, negative energy resistance 1, electricity
resistance, torment resistance 1, petrification resistance
a: no special abilities


You were on level 2 of the Dungeon.
You visited 1 branch of the dungeon, and saw 2 of its levels.

You collected 78 gold pieces.


Innate Abilities, Weirdness & Mutations

You are immune to sickness and miasma.
Your stone body is resilient. (AC +2)
You are immune to poison.
You resist negative energy. (rN+)
You are resistant to electric shocks. (rElec)
You are resistant to unholy torment.
You are immune to petrification.


   Skills:
 + Level 1.5 Fighting
 - Level 3.0 Ranged Weapons
 - Level 1.5 Dodging
 - Level 1.0 Spellcasting
 - Level 2.6 Hexes


You had 2 spell levels left.
You knew the following spells:

 Your Spells              Type           Power      Damage    Failure   Level
a - Slow                  Hex            28%        N/A       22%         1

Your spell library contained the following spells:

 Spells                   Type           Power      Damage    Failure   Level
 Inner Flame              Hex/Fire       4%         N/A       75%         3
 Portal Projectile        Hex/Tloc       8%         N/A       75%         3
 Cause Fear               Hex            3%         N/A       92%         4

Inventory:

Hand Weapons
 Y - a +1 sling (weapon)
Armour
 k - a +0 ring mail (worn)
Potions
 d - a potion of experience {unknown}
 f - a potion of curing {unknown}
 i - a potion of haste {unknown}

Dungeon Overview and Level Annotations

Branches:
Dungeon (2/15)

Altars:


Message History

There is an open door here.
A giant cockroach comes into view.
Enter note: You shoot a sling bullet.
The sling bullet hits the giant cockroach.
You kill the giant cockroach!
You now have 65 gold pieces (gained 12).
You now have 78 gold pieces (gained 13).
A rat comes into view.
You shoot a sling bullet. The sling bullet hits the rat.
The rat is severely wounded.
You shoot a sling bullet. The sling bullet hits the rat.
You kill the rat!
A rat comes into view.
Found 12 gold pieces.
Enter note: You shoot a sling bullet.
The sling bullet hits the rat!
You kill the rat!
A gnoll comes into view. It is wielding a +0 whip.
Found a blackened gilded ring.
The gnoll shouts!
Enter note: You shoot a sling bullet.
The sling bullet hits the gnoll but does no damage.
You hear a shout!
A gnoll comes into view. It is wielding a +0 flail.
You shoot a sling bullet.
The sling bullet barely misses the gnoll.
You shoot a sling bullet.
The sling bullet hits the gnoll but does no damage.
An endoplasm comes into view.
You shoot a sling bullet.
The sling bullet hits the gnoll but does no damage.
A hobgoblin comes into view.
A gnoll comes into view. It is wielding a +0 spear.
The gnoll hits you with a +0 flail!
Ouch! That really hurt!
The gnoll hits you with a +0 flail!
Ouch! That really hurt!
You die...

..............#.#
..............#.#
...........%..#.########
..............#.........
.#+#..........###.......
. +............#.......
#......####.##.......
######.. #.##.......
#... #..@....... #...
###g....... #. #g%......
#........ gJ...#$..
g..%.# .. .....# .
=.....#


You could see 3 gnolls, an endoplasm and a hobgoblin.

Vanquished Creatures
  2 ball pythons (D:1)
  2 bats (D:1)
  An endoplasm (D:1)
  A giant cockroach (D:2)
  2 goblins (D:1)
  A hobgoblin (D:1)
  2 kobolds (D:1)
  A frilled lizard (D:1)
  5 rats
17 creatures vanquished.

Notes
Turn   | Place    | Note
-------+----------+-------------------------------------------
     0 | D:1      | qw the Gargoyle Hexslinger began the quest for the Orb.
     0 | D:1      | Reached XP level 1. HP: 12/12 MP: 2/2
     0 | D:1      | 0 ||| qw: Version: 0.3-a-52-g30416fa
     0 | D:1      | 0 ||| qw: Game counter: 7764
     0 | D:1      | 0 ||| qw: Melee chars always use a shield: true
     0 | D:1      | 0 ||| qw: God list: Okawaru
     0 | D:1      | 0 ||| qw: Allow faded altars: false
     0 | D:1      | 0 ||| qw: Do Orc after clearing Dungeon:15 true
     0 | D:1      | 0 ||| qw: Do second Lair branch before Depths: true
     0 | D:1      | 0 ||| qw: Lair rune preference: random
     0 | D:1      | 0 ||| qw: Goals: Normal
     0 | D:1      | 0 ||| PLANNING D:1-11
   139 | D:1      | Reached XP level 2. HP: 16/16 MP: 3/3
   386 | D:1      | Reached skill level 3 in Ranged Weapons
   721 | D:1      | 721 ||| UPGRADING to +0 ring mail.
   731 | D:1      | 731 ||| DROPPING +0 robe.
   732 | D:1      | 732 ||| READING 2 scrolls labelled YFOIXT VUNYABB.
   733 | D:1      | 733 ||| READING scroll labelled POL JORRIBRAC.
   734 | D:1      | 734 ||| READING scroll labelled RYFRIUKHIPT.
   735 | D:1      | 735 ||| READING scroll labelled EDILLO APUWURU.
   740 | D:1      | 740 ||| DROPPING scroll of fear.
   741 | D:1      | 741 ||| DROPPING scroll of poison.
   798 | D:2      | Slain by a gnoll

Levels and vault maps discovered:
D:1:      wheals_arrival_linesprint, layout_loops_ring
D:2:      layout_basic, ebering_ecumenical_altar_webs

Skill      XL: |  1  2 |
---------------+-------+-----
Ranged Weapons | 3 |  3.0
Fighting       | |  1.5
Dodging        | |  1.5
Spellcasting   | |  1.0
Hexes          | |  2.6

Action                     || total
---------------------------++-------
   Fire: Sling             ||    54
    Use: Scroll            ||     4
 Armour: Robe              ||     3
  Dodge: Dodged            ||    14

Table legend:
 A = Non-vault XP
 B = Vault XP
 C = Vault XP percentage of total XP
 D = Non-vault monster count
 E = Vault monster count
 F = Vault count percentage of total count
                 A         B        C        D         E       F
            +---------+---------+-------+---------+---------+-------
      Total |      28 |       0 |   0.0 |      17 |       0 |   0.0
            +---------+---------+-------+---------+---------+-------
        D:1 |      24 |       0 |   0.0 |      14 |       0 |   0.0
        D:2 |       4 |       0 |   0.0 |       3 |       0 |   0.0
            +---------+---------+-------+---------+---------+-------
